 Seeded DCSS version 0.32-a0-403-g52729c3 (webtiles) character file.

Game seed: 8831602498682816792 (custom seed)

180 mezmerelda the Magician (level 5, -5/31 HPs)
             Began as an Octopode Alchemist on Feb 20, 2024.
             Slain by a gnoll bouda
             ... wielding a +0 whip
              (9 damage)
             ... on level 3 of the Dungeon.
             The game lasted 00:10:37 (2176 turns).

mezmerelda the Magician (Octopode Alchemist)        Turns: 2176, Time: 00:10:37

Health: -5/31      AC:  1    Str:  8    XL:     5   Next: 60%
Magic:  11/12      EV: 12    Int: 19    God:
Gold:   156        SH:  3    Dex: 12    Spells: 11/14 levels left

rFire   . . .        b - +2 short sword (venom)
rCold   . . .        p - +0 buckler
rNeg    . . .        (helmet restricted)
rPois   .            (no amulet)
rElec   .            (no ring)
rCorr   .            (no ring)
SInv    .            (no ring)
Will    .....        (no ring)
Stlth   +++          (no ring)
HPRegen 0.25/turn    (no ring)
MPRegen 0.13/turn    (no ring)
                     (no ring)

%: no passive effects
@: no status effects
A: almost no armour, amphibious, 8 rings, camouflage 1, gelatinous body 1,
(nimble swimmer 1), tentacles
a: no special abilities


You were on level 3 of the Dungeon.
You visited 1 branch of the dungeon, and saw 4 of its levels.

You collected 156 gold pieces.

Inventory:

Hand Weapons
 b - a +2 short sword of venom (weapon)
Armour
 p - a +0 buckler (worn)
Wands
 h - a wand of quicksilver (12)
Scrolls
 d - 3 scrolls of identify {unknown}
 f - a scroll of enchant armour {unknown}
 g - a scroll of silence {unknown}
 j - a scroll of amnesia {unknown}
 k - a scroll of fear {unknown}
 l - a scroll of blinking {unknown}
 m - 3 scrolls of fog {unknown}
 o - a scroll of teleportation {unknown}
 r - 3 scrolls of revelation {unknown}
 s - a scroll of brand weapon {unknown}
Potions
 a - 2 potions of magic
 c - a potion of degeneration {unknown}
 e - a potion of heal wounds {unknown}
 i - a potion of enlightenment {unknown}
 n - a potion of curing {unknown}
 q - a potion of brilliance {unknown}


   Skills:
 - Level 2.0 Dodging
 - Level 2.6 Stealth
 - Level 5.0 Spellcasting
 + Level 1.4 Conjurations
 + Level 3.5 Alchemy


You had 11 spell levels left.
You knew the following spells:

 Your Spells              Type           Power      Damage    Failure   Level
s - Sting                 Conj/Alch      56%        1d6       7%          1
v - Mercury Vapours       Alch/Air       22%        N/A       14%         2

Your spell library contained the following spells:

 Spells                   Type           Power      Damage    Failure   Level
 Mephitic Cloud           Conj/Alch/Air  11%        N/A       30%         3
 Olgreb's Toxic Radiance  Alch           18%        N/A       43%         4
 Gell's Gravitas          Tloc           4%         N/A       52%         3
 Teleport Other           Tloc           4%         N/A       52%         3
 Sticky Flame             Fire/Alch      11%        2d5       67%         4
 Dispersal                Tloc           2%         N/A       100%        6


Dungeon Overview and Level Annotations

Branches:
Dungeon (4/15)
 Temple: D:4-7

Altars:
Qazlal


Innate Abilities, Weirdness & Mutations

You cannot wear most types of armour.
You are amphibious.
You can wear up to eight rings at the same time.
Your skin changes colour to match your surroundings (Stealth+).
Your rubbery body absorbs attacks. (AC +1, EV +1)
((You are camouflaged when in or above water. (Stealth+)))
You have tentacles for arms and can constrict up to eight enemies at once.


Message History

A gnoll comes into view. It is wielding a +0 halberd.
The hobgoblin misses you.
You hit the hobgoblin.
You kill the hobgoblin!
A scorpion, an iguana and a gnoll come into view.
The iguana hisses angrily.
The gnoll moves out of view.
The gnoll bouda barks out a call to the hunt!
The gnoll picks up the pace!
You hear a shout!
There is a stone staircase leading up here.
The gnoll hits you from afar with a +0 halberd!
The gnoll bouda hits you with a +0 whip!
The gnoll hits you from afar with a +0 halberd.
* * * LOW HITPOINT WARNING * * *
You climb upwards.
There is a stone staircase leading down here.
You hit the gnoll bouda but do no damage.
The gnoll bouda is poisoned.
You grab the gnoll bouda. You constrict the gnoll bouda.
The gnoll bouda barely misses you. The gnoll bouda completely misses you.
You hit the gnoll bouda but do no damage.
The gnoll bouda is lightly wounded.
You constrict the gnoll bouda. The gnoll bouda closely misses you.
You hit the gnoll bouda but do no damage.
You squeeze the gnoll bouda.
The gnoll bouda is moderately wounded.
You constrict the gnoll bouda, but do no damage.
The gnoll bouda hits you with a +0 whip.
* * * LOW HITPOINT WARNING * * *
Casting: Sting (safe; 7% risk of failure)
Confirm with . or Enter, or press ? or * to list all spells.
Aiming: Sting (safe; 7% risk of failure)
Press: ? - help, Shift-Dir - straight line, f - gnoll bouda
Aim: a gnoll bouda, wielding a +0 whip and wearing a +0 robe (moderately wounded, constricted by you, poisoned, 100% to hit)
The sting hits the gnoll bouda.
The gnoll bouda looks even sicker.
The gnoll bouda is heavily wounded.
You constrict the gnoll bouda, but do no damage.
The gnoll bouda hits you with a +0 whip!
You die...

##.##.##.......#
#####......#
...##.##.......###
#.....)#
#####.##.......#.#
#......#
...............#.#
#......#
.####.#.####'###.#
##......# .# #.#.#
#......####.......# .#
#.#.#
#...##.#..........# .#
#.#.#
#.#....#....####### .#
#.#.###....#@g....#
.####.#........####...#
......#######..# #...#
......# #....# #...#
#.....#####.#.## #####
#.###.........#
#.###.#####.###
#....<##....#
#####.##....#


You could see a gnoll bouda (very poisoned).

Vanquished Creatures
  Natasha (thrice) (D:2)
  3 adders
  2 ribbon worms
  A dart slug (D:3)
  6 ball pythons
  3 endoplasms
  2 giant cockroaches
  3 goblins
  3 hobgoblins
  A quokka (D:3)
  6 bats
  4 frilled lizards
  4 kobolds
  3 rats (D:1)
44 creatures vanquished.

Notes
Turn   | Place    | Note
-------+----------+-------------------------------------------
     0 | D:1      | mezmerelda the Octopode Alchemist began the quest for the
                  | Orb.
     0 | D:1      | Reached XP level 1. HP: 11/11 MP: 3/3
   151 | D:1      | Reached XP level 2. HP: 16/17 MP: 3/5
   358 | D:1      | Reached skill level 3 in Spellcasting
   560 | D:1      | Reached XP level 3. HP: 21/21 MP: 7/7
   979 | D:2      | Noticed Natasha
   985 | D:2      | Killed Natasha
   986 | D:2      | Reached skill level 4 in Spellcasting
   986 | D:2      | Reached XP level 4. HP: 27/27 MP: 8/10
  1055 | D:2      | Learned a level 2 spell: Mercury Vapours
  1125 | D:2      | Noticed Natasha
  1132 | D:2      | Killed Natasha
  1302 | D:2      | You fall into a shaft and drop 2 floors!
  1396 | D:2      | Noticed Natasha
  1404 | D:2      | Killed Natasha
  1405 | D:2      | Reached XP level 5. HP: 24/31 MP: 8/12
  1658 | D:3      | Reached skill level 5 in Spellcasting
  1707 | D:3      | Found a stormy altar of Qazlal.
  1889 | D:3      | Found a faded altar of an unknown god.
  2176 | D:3      | Slain by a gnoll bouda

Illustrated notes

Levels and vault maps discovered:
D:1:      eino_arrival_cavern_b, layout_loops_cross
D:2:      layout_loops_ring, uniq_natasha
D:3:      layout_basic, nicolae_qazlal_general_emergency,
          shapermc_ecumenical_altar_hornbeckon
D:4:      layout_rooms, lemuel_doored_altar,
          mainiacjoe_overflow_six_doors_small, minmay_temple_entry_offerings

Skill      XL: |  1  2  3  4  5 |
---------------+----------------+-----
Spellcasting   | 3 4 5 |  5.0
Dodging        | |  2.0
Stealth        | |  2.6
Conjurations   | |  1.4
Alchemy        | |  3.5

Action                     |  1- 3 |  4- 6 || total
---------------------------+-------+-------++-------
  Melee: Short sword       |    35 |    46 ||    81
         Tentacles         |     6 |    13 ||    19
         Constrict         |     6 |    12 ||    18
   Cast: Sting             |     2 |     6 ||     8
         Mercury Vapours   |       |     2 ||     2
   Stab: Sleeping          |     9 |     3 ||    12
 Armour: Skin              |    11 |    19 ||    30
  Dodge: Dodged            |     9 |    31 ||    40
  Block: Buckler           |       |     1 ||     1

Table legend: (Time is in decaauts)
 A = Elapsed time spent in this place.
 B = Non-inter-level travel time spent in this place.
 C = Inter-level travel time spent in this place.
 D = Time resting spent in this place.
 E = Time spent auto-exploring this place.
 F = Levels seen in this place.
 G = Mean time per level.
                   A        B        C        D        E       F      G
               +--------+--------+--------+--------+--------+-----+--------+
         Total |   2190 |   2086 |    104 |      0 |   1640 |   4 |  547.5 |
       Dungeon |   2190 |   2086 |    104 |      0 |   1640 |   4 |  547.5 |
               +--------+--------+--------+--------+--------+-----+--------+

Top non-repeatable levels by time:
     D:2: 834 daAuts
     D:1: 715 daAuts
     D:3: 615 daAuts
     D:4: 25 daAuts
